 Dungeon Crawl Stone Soup version 0.30-a0-824-g6c64550be9 (webtiles) character file.

Game seed: 13724545038936100942

8832 Nacht the Scholar of Death (level 11, -2/102 HPs)
             Began as a Demonspawn Earth Elementalist on Feb 27, 2023.
             Was a Follower of Kikubaaqudgha.
             Slain by an orc knight
             ... wielding a +0 battleaxe
              (15 damage)
             ... on level 9 of the Dungeon.
             The game lasted 00:15:47 (11459 turns).

Nacht the Scholar of Death (DsEE)                  Turns: 11459, Time: 00:15:47

Health: -2/102     AC: 29    Str: 10    XL:     11   Next: 15%
Magic:  11/25      EV:  2    Int: 20    God:    Kikubaaqudgha [*.....]
Gold:   380        SH:  0    Dex: 16    Spells: 23/30 levels left

rFire   . . .      SeeInvis +    B - +9 short sword of the Dull God {drain, rPois rC- rCorr Dex+3}
rCold   x . .      Faith    .    (no shield)
rNeg    . . .      Spirit   .    (body armour currently unavailable)
rPois   +          Reflect  .    (helmet currently unavailable)
rElec   .          Harm     .    (cloak currently unavailable)
rCorr   +          Rampage  .    (gloves currently unavailable)
Will    .....      NoTele   +    (boots currently unavailable)
Stlth   ++                       (no amulet)
HPRegen 0.37/turn                i - ring of see invisible
MPRegen 0.19/turn                l - +4 ring of protection

@: tree-form
A: stationary, stasis, torment immunity, boosted hp, (sanguine armour 2),
demonic magic 1, (demonic touch 1)
a: Renounce Religion, Unearth Wretches


You were on level 9 of the Dungeon.
You worshipped Kikubaaqudgha.
Kikubaaqudgha was aware of your devotion.
You were a tree.
You visited 2 branches of the dungeon, and saw 11 of its levels.

You collected 545 gold pieces.
You spent 165 gold pieces at shops.

Inventory:

Hand Weapons
 c - a +3 dagger of electrocution
 B - the +9 short sword of the Dull God (weapon) {drain, rPois rC- rCorr Dex+3}
   (You took it off an orc warrior on level 7 of the Dungeon)

   Dex:       It affects your dexterity (+3).
   rC:        It makes you vulnerable to cold.
   rPois:     It protects you from poison.
   rCorr:     It protects you from acid and corrosion.
Missiles
 h - 54 poisoned darts
Armour
 a - a +0 robe (melded)
 e - a +2 hat (melded)
 w - a +1 pair of gloves (melded)
 D - a +0 pair of boots (melded)
Jewellery
 i - a ring of see invisible (left branch)
 l - a +4 ring of protection (right branch)
 q - a ring of flight
Wands
 p - a wand of flame (42)
 y - a wand of paralysis (11)
Scrolls
 b - a scroll of fog
 d - a scroll of immolation
 f - a scroll of identify
 g - a scroll of enchant weapon
 j - a scroll of torment
 r - 2 scrolls of noise
Potions
 m - 3 potions of curing
 n - 2 potions of magic
 s - 2 potions of lignification
 v - 2 potions of berserk rage
 x - 2 potions of might
 z - a potion of haste
 A - a potion of attraction
 E - a potion of brilliance


   Skills:
 - Level 1.7 Dodging
 - Level 1.7 Stealth
 - Level 10.0 Spellcasting
 - Level 2.0 Conjurations
 + Level 5.1 Summonings
 - Level 10.0 Necromancy
 - Level 0.8 Transmutations
 + Level 4.6 Ice Magic
 - Level 7.0 Earth Magic


You had 23 spell levels left.
You knew the following spells:

 Your Spells              Type           Power      Damage    Failure   Level
b - Stone Arrow           Conj/Erth      56%        3d10      3%          3
t - Sublimation of Blood  Necr           50%        N/A       1%          2
w - Passwall              Tmut/Erth      20%        N/A       1%          2

Your spell library contained the following spells:

 Spells                   Type           Power      Damage    Failure   Level
 Kiss of Death            Conj/Necr      100%       2d13      1%          1
 Necrotise                Necr           100%       1d9       1%          1
 Sandblast                Erth           76%        2d16      1%          1
 Animate Dead             Necr           50%        N/A       1%          4
 Ensorcelled Hibernation  Hex/Ice        38%        N/A       4%          2
 Anguish                  Hex/Necr       15%        N/A       9%          4
 Petrify                  Tmut/Erth      25%        N/A       14%         4
 Spider Form              Tmut/Pois      11%        N/A       17%         3
 Tukima's Dance           Hex            10%        N/A       21%         3
 Passage of Golubria      Tloc           10%        N/A       56%         4
 Yara's Violent Unravell  Hex/Tmut       5%         3d4       85%         5


Dungeon Overview and Level Annotations

Branches:
Dungeon (10/15)            Temple (1/1) D:5
   Lair: D:8-11         Orc: D:9-12

Altars:
Ashenzari
Cheibriados
Dithmenos
Fedhas
Gozag
Hepliaklqana
Kikubaaqudgha
Makhleb
Nemelex Xobeh
Okawaru
Qazlal
Ru
Sif Muna
Trog
Uskayaw
Vehumet
Wu Jian
Xom
Yredelemnul

Shops:
D:4 =

Annotations:
D:10 Urug


Innate Abilities, Weirdness & Mutations

You are a tree.
Your roots penetrate the ground, keeping you stationary.
You cannot be teleported.
You are immune to unholy pain and torment.
Your maximum health is greatly increased.
Your equipment is partially melded.
((When seriously injured, your blood forms thick armour. (AC +0)))
Spells you cast may paralyse adjacent enemies.
((Your touch may inflict minor irresistible damage on your foes.))


Message History

The orc knight hits you but does no damage.
You hit the orc knight.
The orc knight is lightly wounded.
The orc knight hits you but does no damage.
You hit the orc knight but do no damage.
You drain the orc knight.
The orc knight is lightly wounded.
The orc knight barely misses you.
You hit the orc knight but do no damage.
You touch the orc knight!
The orc knight is moderately wounded.
The orc knight hits you but does no damage.
You puncture the orc knight! Your touch misses the orc knight.
The orc knight is moderately wounded.
The orc knight closely misses you.
You hit the orc knight but do no damage.
The orc knight is moderately wounded.
The orc knight hits you with a +0 battleaxe.
Okay, then.
The orc knight hits you with a +0 battleaxe!
The catoblepas breathes a plume of calcifying dust at you.
The blast of calcifying dust hits you but does no damage.
The orc knight hits you with a +0 battleaxe!
* * * LOW HITPOINT WARNING * * *
The orc knight attacks as you move away!
The orc knight misses you.
There is a stone staircase leading up here.
The orc knight hits you with a +0 battleaxe!
* * * LOW HITPOINT WARNING * * *
You climb upwards.
There is a stone staircase leading down here.
Really quaff the potion of lignification?
You turn into a tree.
Your +2 hat melds into your body.
Your +1 pair of gloves melds into your body.
Your +0 pair of boots melds into your body.
Your +0 robe melds into your body.
Your roots penetrate the ground.
Your blood armour dries and flakes away.
The orc knight hits you with a +0 battleaxe!
You die...
Kikubaaqudgha rasps: "You have failed me!
Welcome... death!"

#..###.###.## #.÷<###.......#
#..# #.# #.# #.### ##.#...##
#..# #.# #.# #.# #.#...## #..#
#.# #.# #)# ###.#.#.##
####..###.# #.# #.####.........
..........# #.# #.)....#####...
####..##### #.# #..#####...####
###..## #.#####..'....._.....
#.....# ##...♣....#####...####
#.###.#####.###o###....(#####...
#.# #.......# #.# ##.##.......##
#.###.#####.###.# #.##########
#.....# ##...## #.# ####.##
##.## #.# #.# #.# #.# #.# #.#
#.# #.# #.# #.#


You could see an orc knight (drained).

Vanquished Creatures
  A manticore (D:10)
  2 slime creatures
  A gargoyle (D:10)
  An unseen horror (D:10)
  2 kobold demonologists
  A shadow (D:10)
  Sigmund (D:3)
  A wraith (D:6)
  11 yaks
  4 wyverns
  A basilisk (D:10)
  2 steam dragons
  Menkaure (D:4)
  A water moccasin (D:6)
  2 acid dragons
  An orc warrior (D:7)
  A sky beast (D:8)
  An ice beast (D:8)
  An ogre (D:7)
  5 centaurs
  2 phantoms
  5 kobold brigands
  Blork the orc (D:5)
  A gnoll sergeant (D:4)
  2 bullfrogs
  4 necrophages
  4 scorpions
  5 wights (D:9)
  3 killer bees
  2 howler monkeys (D:6)
  3 orc priests
  A hound (D:5)
  11 jellies
  3 iguanas
  9 orc wizards
  4 gnolls (D:4)
  2 adders
  A white imp (D:6)
  2 ufetubi
  A worm (D:5)
  3 dart slugs
  30 orcs
  8 ball pythons
  9 endoplasms
  3 giant cockroaches
  5 goblins
  12 hobgoblins
  5 jackals
  20 kobolds
  3 quokkas
  5 bats
  6 frilled lizards
  6 rats
222 creatures vanquished.

Vanquished Creatures (others)
  4 fungi (D:6)
  A plant (D:5)
  8 toadstools (D:6)
13 creatures vanquished.

Grand Total: 235 creatures vanquished

Notes
Turn   | Place    | Note
-------+----------+-------------------------------------------
     0 | D:1      | Nacht the Demonspawn Earth Elementalist began the quest for
                  | the Orb.
     0 | D:1      | Reached XP level 1. HP: 13/13 MP: 3/3
   227 | D:1      | Gained mutation: When seriously injured, your blood forms
                  | armour. (AC +0) [demonic ancestry]
   227 | D:1      | Reached XP level 2. HP: 19/19 MP: 3/5
   652 | D:1      | Reached XP level 3. HP: 24/24 MP: 6/6
   661 | D:1      | Learned a level 3 spell: Stone Arrow
   664 | D:1      | Learned a level 2 spell: Passwall
  1395 | D:2      | Reached skill level 1 in Conjurations
  1561 | D:2      | Found a faded altar of an unknown god.
  2060 | D:3      | Gained mutation: When seriously injured, your blood forms
                  | thick armour. (AC +0) [demonic ancestry]
  2060 | D:3      | Reached XP level 4. HP: 15/30 MP: 1/7
  2561 | D:3      | Noticed Sigmund
  2567 | D:3      | Killed Sigmund
  2568 | D:3      | Reached skill level 5 in Earth Magic
  2568 | D:3      | Gained mutation: Your touch may inflict minor irresistible
                  | damage on your foes. [demonic ancestry]
  2568 | D:3      | Reached XP level 5. HP: 20/35 MP: 2/8
  2568 | D:3      | Reached XP level 6. HP: 24/41 MP: 2/9
  2850 | D:4      | Found Saohuet's Jewellery Emporium.
  2941 | D:4      | Found an ornate altar of the Wu Jian Council.
  2952 | D:4      | Bought a ring of see invisible for 165 gold pieces
  3299 | D:4      | Noticed Menkaure
  3384 | D:4      | Killed Menkaure
  3385 | D:4      | Reached skill level 1 in Necromancy
  3385 | D:4      | Reached XP level 7. HP: 46/46 MP: 0/10
  4557 | D:5      | Entered Level 5 of the Dungeon
  4588 | D:5      | Found a staircase to the Ecumenical Temple.
  4897 | D:5      | Gained mutation: Spells you cast may paralyse adjacent
                  | enemies. [demonic ancestry]
  4897 | D:5      | Reached XP level 8. HP: 34/52 MP: 9/14
  5216 | Temple   | Entered the Ecumenical Temple
  5470 | D:5      | Reached skill level 5 in Necromancy
  5558 | D:5      | Noticed Blork the orc
  5562 | D:5      | Killed Blork the orc
  5563 | D:5      | Reached skill level 5 in Spellcasting
  5616 | D:5      | Found a sparkling altar of Nemelex Xobeh.
  5616 | D:5      | Found a burning altar of Makhleb.
  5622 | D:5      | Found a hide-covered altar of Uskayaw.
  5624 | D:5      | Found an iron altar of Okawaru.
  5626 | D:5      | Found a sacrificial altar of Ru.
  6782 | D:6      | Reached XP level 9. HP: 57/57 MP: 16/18
  6797 | D:6      | Killed a large slime creature
  7130 | D:7      | Identified the +4 dagger "Orb Guardian's Regret" {holy, rF+
                  | Will+ rCorr Int-2}
  7380 | D:7      | Identified the +9 short sword of the Dull God {drain, rPois
                  | rC- rCorr Dex+3}
  7498 | D:7      | Found a shadowy altar of Dithmenos.
  7499 | D:7      | Found a hazy altar of Hepliaklqana.
  8029 | D:7      | Found an ancient bone altar of Kikubaaqudgha.
  8032 | D:7      | Became a worshipper of Kikubaaqudgha
  8489 | D:8      | Reached XP level 10. HP: 24/63 MP: 8/22
  9067 | D:8      | Reached skill level 10 in Necromancy
  9290 | D:9      | Reached * piety under Kikubaaqudgha
  9290 | D:9      | Received a gift from Kikubaaqudgha
  9294 | D:9      | Learned a level 2 spell: Sublimation of Blood
  9375 | D:9      | Reached skill level 10 in Spellcasting
  9420 | D:9      | Reached skill level 1 in Summonings
  9420 | D:9      | Reached skill level 1 in Ice Magic
  9533 | D:9      | Found a bloodstained altar of Trog.
 10232 | D:10     | Entered Level 10 of the Dungeon
 10297 | D:10     | Noticed a gargoyle
 10300 | D:10     | Killed a gargoyle
 10440 | D:10     | Noticed a rust devil
 10510 | D:10     | Found a blossoming altar of Fedhas.
 10557 | D:10     | Noticed Urug
 10609 | D:10     | Noticed a two-headed ogre
 10807 | D:10     | Reached XP level 11. HP: 58/68 MP: 12/25
 11052 | D:10     | Noticed an orc knight
 11403 | D:10     | Noticed a catoblepas
 11407 | D:10     | Reached skill level 5 in Summonings
 11459 | D:9      | Slain by an orc knight

Illustrated notes

Levels and vault maps discovered:
D:1:      kennysheep_arrival_forest, layout_rooms
D:2:      layout_basic, chequers_ecumenical_altar_simple
D:3:      layout_loops_corners, nicolae_concentric_dashed_squares_mild,
          minmay_checkerbox, uniq_sigmund
D:4:      kennysheep_spiral_hall, layout_basic, nicolae_wu_jian_wuxing_cycle,
          serial_co_window_serial, co_window_paths_a, co_window_paths_b,
          co_window_of_opportunity_a, co_window_paths_a, co_window_cross_1,
          co_window_paths_a, co_window_of_opportunity_a,
          co_window_unsneaky_path_d, co_window_2corner, co_window_paths_c,
          co_window_unsneaky_path_e, co_window_paths_e, glass_columns_a,
          chequers_avenue, nicolae_stop_n_shop_2, uniq_menkaure
D:5:      layout_cave_pools, chequers_temple_overflow_minitemple,
          minmay_temple_entry_overgrown, hellmonk_bongcloud_opening,
          minmay_misc_feat_square, serial_bayou_crossing, uniq_blork_the_orc
D:6:      cheibrodos_fertilizer, layout_basic
D:7:      layout_loops_ring, riverfiend_overflow_shadow_ancestor,
          kennysheep_mini_moat
D:8:      layout_cave_pools, lemuel_flamethrower_2
D:9:      layout_loops_ring, mainiacjoe_overflow_surrounded_room
D:10:     minmay_the_grid_triangle_9x9_rhombus_thin_mashed
          [minmay_the_grid_triangle_9x9_skeleton,
          minmay_the_grid_triangle_9x9_prize_center,
          minmay_the_grid_triangle_9x9_checkered,
          minmay_the_grid_triangle_9x9_longest], layout_gridville,
          mainiacjoe_overflow_paths, uniq_urug
Temple:   nicolae_temple_bog_church

Skill      XL: |  1  2  3  4  5  6  7  8  9 10 11 |
---------------+----------------------------------+-----
Earth Magic    | 3 4 5 7 |  7.0
Conjurations   | 1 2 |  2.0
Necromancy     | 1 4 6 9 10 | 10.0
Spellcasting   | 4 6 8 10 | 10.0
Summonings     | 4 5 |  5.1
Ice Magic      | 3 4 |  4.6
Dodging        | |  1.7
Stealth        | |  1.7
Transmutations | |  0.8

Action                     |  1- 3 |  4- 6 |  7- 9 | 10-12 || total
---------------------------+-------+-------+-------+-------++-------
  Melee: Dagger            |    32 |     3 |     3 |       ||    38
         Touch             |       |       |     2 |     7 ||     9
         Short sword       |       |       |    10 |    52 ||    62
   Cast: Sandblast         |    72 |    39 |   190 |    27 ||   328
         Stone Arrow       |       |     5 |    17 |    62 ||    84
    Use: Potion            |       |     3 |       |     2 ||     5
         Scroll            |       |       |       |    17 ||    17
   Stab: Paralysed         |       |       |     6 |    18 ||    24
 Armour: Robe              |    10 |    11 |    34 |    45 ||   100
  Dodge: Dodged            |    47 |    11 |    43 |    63 ||   164

Table legend: (Time is in decaauts)
 A = Elapsed time spent in this place.
 B = Non-inter-level travel time spent in this place.
 C = Inter-level travel time spent in this place.
 D = Time resting spent in this place.
 E = Time spent auto-exploring this place.
 F = Levels seen in this place.
 G = Mean time per level.
                   A        B        C        D        E       F      G
               +--------+--------+--------+--------+--------+-----+--------+
         Total |  11648 |  11225 |    423 |      0 |   9376 |  11 | 1058.9 |
       Dungeon |  11434 |  11031 |    403 |      0 |   9190 |  10 | 1143.4 |
        Temple |    214 |    194 |     20 |      0 |    185 |   1 |  214.0 |
               +--------+--------+--------+--------+--------+-----+--------+

Top non-repeatable levels by time:
     D:4: 1686 daAuts
     D:6: 1462 daAuts
     D:9: 1428 daAuts
     D:3: 1229 daAuts
     D:8: 1058 daAuts
     D:7: 1001 daAuts
     D:5: 975 daAuts
     D:2: 924 daAuts
    D:10: 888 daAuts
     D:1: 778 daAuts
  Temple: 214 daAuts
